 Dungeon Crawl Stone Soup version 0.20.1-1-g8b1a95d (webtiles) character file.

94 digijack the Skirmisher (level 4, -1/37 HPs)
             Began as a Demonspawn Fighter on Nov 29, 2017.
             Slain by a leopard gecko (3 damage)
             ... on level 3 of the Dungeon on Nov 30, 2017.
             The game lasted 00:10:38 (2050 turns).

digijack the Skirmisher (Demonspawn Fighter)        Turns: 2050, Time: 00:10:39

Health: -1/37      AC:  3    Str: 16 (18) XL:     4   Next: 38%
Magic:  4/4        EV: 11    Int:  9      God:
Gold:   142        SH:  0    Dex: 11 (12) Spells: 3/3 levels left

rFire    . . .     SeeInvis .   a - +0 long sword
rCold    . . .     Gourm    .   (no shield)
rNeg     . . .     Faith    .   g - +0 leather armour
rPois    .         Spirit   .   (helmet restricted)
rElec    .         Reflect  .   (no cloak)
rCorr    .         Harm     .   (no gloves)
MR       .....                  (no boots)
Stlth    ++........             (no amulet)
Regen    0.2/turn               e - ring of stealth
MPRegen  0.1/turn               (no ring)

@: no status effects
A: horns 2, demonic guardian 1
a: no special abilities


You were on level 3 of the Dungeon.
You were not hungry.

You visited 1 branch of the dungeon, and saw 3 of its levels.

You collected 142 gold pieces.

Inventory:

Hand Weapons
 a - a +0 long sword (weapon)
Armour
 g - a +0 leather armour (worn)
Jewellery
 e - a ring of stealth (left hand)
Scrolls
 b - a scroll of remove curse
 h - a scroll of identify
Potions
 d - a potion of might
Comestibles
 c - 6 chunks of flesh
 f - a bread ration


   Skills:
 + Level 3.9 Fighting
 + Level 3.1 Long Blades
 + Level 3.1 Armour
 + Level 0.8 Stealth
   Level 2.6 Shields


You had 3 spell levels left.
You didn't know any spells.

Dungeon Overview and Level Annotations

Branches:
Dungeon (3/15)

Altars:


Innate Abilities, Weirdness & Mutations

You have a pair of horns on your head.
A weak demonic guardian rushes to your aid.


Message History

The leopard gecko is severely wounded.
The leopard gecko bites you.
* * * LOW HITPOINT WARNING * * *
You closely miss the leopard gecko.
The leopard gecko is severely wounded.
The leopard gecko bites you.
* * * LOW HITPOINT WARNING * * *
The leopard gecko bites you.
* * * LOW HITPOINT WARNING * * *
You closely miss the leopard gecko. Your headbutt misses the leopard gecko.
The leopard gecko is severely wounded.
The leopard gecko bites you.
* * * LOW HITPOINT WARNING * * *
You miss the leopard gecko.
The leopard gecko is severely wounded.
The leopard gecko barely misses you.
You closely miss the leopard gecko.
The leopard gecko is severely wounded.
The leopard gecko bites you.
You die...

###.# #..##.##...#.#..
#...# #.....##<.......
#.### #.##..##.......#
#.# #.#..(.......##..#
#.# #.....)......# ..
##.####.............# #
...>................#
#######.............###.
#.###.....@.......
#........l.....### ## #
###..(..)...## .######.#
#.........# ........#
###.#.##### (########
#.#.# .# #.#.# .###
#.#.# ...# #.#


You could see a leopard gecko.

Vanquished Creatures
  An adder (D:2)
  An ooze (D:1)
  A worm (D:3)
  3 dart slugs
  A leopard gecko (D:2)
  3 orcs (D:3)
  11 bats
  4 giant cockroaches
  7 goblins
  8 hobgoblins
  5 jackals (D:1)
  A quokka (D:3)
  2 ball pythons
  5 frilled lizards
  6 kobolds
  6 rats
65 creatures vanquished.

Notes
Turn   | Place    | Note
-------+----------+-------------------------------------------
     0 | D:1      | digijack the Demonspawn Fighter began the quest for the Orb.
     0 | D:1      | Reached XP level 1. HP: 18/18 MP: 1/1
   132 | D:1      | Gained mutation: You have a pair of small horns on your head. [demonic ancestry]
   132 | D:1      | Reached XP level 2. HP: 24/24 MP: 2/2
   438 | D:1      | Gained mutation: You have a pair of horns on your head. [demonic ancestry]
   438 | D:1      | Reached XP level 3. HP: 28/29 MP: 3/3
  1652 | D:3      | Gained mutation: A weak demonic guardian rushes to your aid. [demonic ancestry]
  1652 | D:3      | Reached XP level 4. HP: 37/37 MP: 4/4
  2050 | D:3      | Slain by a leopard gecko

Skill      XL: |  1  2  3  4 |
---------------+-------------+-----
Long Blades    | 2 3 |  3.1
Armour         | 3 |  3.1
Fighting       | |  3.9
Stealth        | |  0.8
Shields        | |  2.6

Action                   |  1- 3 |  4- 6 || total
-------------------------+-------+-------++-------
Melee: Long sword        |   102 |    53 ||   155
       Headbutt          |    15 |    10 ||    25
  Use: Scroll            |     5 |       ||     5
       Potion            |     3 |     1 ||     4
 Stab: Sleeping          |     1 |     1 ||     2
  Eat: Chunk             |     3 |     1 ||     4
Armor: Scale mail        |    33 |       ||    33
       Leather armour    |     8 |    13 ||    21
Dodge: Dodged            |    55 |    38 ||    93
       Rpst.: Long sword |    14 |     8 ||    22
